 Dungeon Crawl Stone Soup version 0.24.0-37-gcf1ca852f1 (webtiles) character file.

Game seed: 6774288060943574700, levelgen mode: deterministic

32 Goreval the Chopper (level 3, -2/33 HPs)
             Began as a Hill Orc Monk on Dec 7, 2019.
             Slain by a centaur (5 damage)
             ... on level 2 of the Dungeon.
             The game lasted 00:00:57 (1367 turns).

Goreval the Chopper (Hill Orc Monk)                 Turns: 1367, Time: 00:00:57

Health: -2/33      AC:  2    Str: 14    XL:     3   Next: 27%
Magic:  3/3        EV: 10    Int: 10    God:
Gold:   12         SH:  7    Dex: 13    Spells: 2/2 levels left

rFire    . . .     SeeInvis .   a - +0 hand axe
rCold    . . .     Gourm    .   l - +0 shield
rNeg     . . .     Faith    .   b - +0 robe
rPois    .         Spirit   .   (no helmet)
rElec    .         Reflect  .   (no cloak)
rCorr    .         Harm     .   (no gloves)
MR       .....                  (no boots)
Stlth    ++........             (no amulet)
HPRegen  0.11/turn              (no ring)
MPRegen  0.08/turn              (no ring)

@: no status effects
A: no striking features
a: no special abilities


You were on level 2 of the Dungeon.
You were not hungry.

You visited 1 branch of the dungeon, and saw 2 of its levels.

You collected 12 gold pieces.

Inventory:

Hand Weapons
 a - a +0 hand axe (weapon)
Missiles
 g - 39 stones (quivered)
Armour
 b - a +0 robe (worn)
 l - a +0 shield (worn)
Scrolls
 d - a scroll of fog {unknown}
 h - a scroll of amnesia {unknown}
 j - a scroll of remove curse {unknown}
 k - a scroll of magic mapping {unknown}
Potions
 e - a potion of curing {unknown}
 i - a potion of lignification {unknown}
Comestibles
 c - 4 rations
 f - a chunk of flesh


   Skills:
 + Level 4.0 Fighting
 * Level 4.9 Axes
 + Level 1.3 Armour
 - Level 2.4 Dodging
 - Level 1.5 Stealth


You had 2 spell levels left.
You didn't know any spells.
Your spell library was empty.

Dungeon Overview and Level Annotations

Branches:
Dungeon (2/15)

Altars:


Message History

You are too injured to fight recklessly!
You are too injured to fight recklessly!
You are too injured to fight recklessly!
You are too injured to fight recklessly!
You are too injured to fight recklessly!
You are too injured to fight recklessly!
Unknown command.
You hit the centaur. You hit the leopard gecko. The centaur hits you.
You block the leopard gecko's attack.
You barely miss the centaur. You miss the leopard gecko. The centaur hits you.
You block the leopard gecko's attack. You block the centaur's attack.
You hit the centaur but do no damage. You miss the leopard gecko.
The centaur hits you but does no damage.
The leopard gecko closely misses you. The centaur hits you!
* * * LOW HITPOINT WARNING * * *
The leopard gecko closely misses you.
You hit the centaur. You closely miss the leopard gecko.
The centaur barely misses you. You block the leopard gecko's attack.
The centaur hits you.
You die...

#.......# ####.####.#..#..#
#.#####.# #..÷...##.##....##
...####.#######...###...####...#
.#...............## ##[## #...#
...####.########.# #.# #...#
#.#####.# #.## ##.# #...#
........# #..###..# #...#
#.#####... #(#.....#####...#.
.## #.. #@##.#............ .#
#........cl.<......†....†.. .#
#. ...###..##.#............ >#
#........#####...#% .#
#.......## #...#. .# #.....###
#...#. .###### ##.#### #...#.
......# ..# ....# ..###.###.####
#)...


You could see a centaur and a leopard gecko.

Vanquished Creatures
  2 oozes (D:1)
  A worm (D:2)
  A dart slug (D:1)
  A goblin (D:1)
  2 hobgoblins (D:1)
  5 bats (D:1)
  4 frilled lizards
  4 kobolds
  2 rats (D:1)
22 creatures vanquished.

Notes
Turn   | Place    | Note
-------+----------+-------------------------------------------
     0 | D:1      | Goreval the Hill Orc Monk began the quest for the Orb.
     0 | D:1      | Reached XP level 1. HP: 19/19 MP: 1/1
   191 | D:1      | Reached XP level 2. HP: 23/27 MP: 2/2
   446 | D:1      | Reached skill level 1 in Armour
   741 | D:1      | Reached XP level 3. HP: 30/33 MP: 3/3
  1361 | D:2      | Noticed a centaur
  1367 | D:2      | Slain by a centaur

Levels and vault maps discovered:
D:1:      ncdulo_smallfort, layout_basic
D:2:      layout_loops_cross, ashenzari_conservatory_becter, uniq_natasha

Skill      XL: |  1  2 |
---------------+-------+-----
Armour         | 1 |  1.3
Fighting       | 4 |  4.0
Axes           | |  4.9
Dodging        | |  2.4
Stealth        | |  1.5

Action                   || total
-------------------------++-------
Melee: Hand axe          ||    84
 Stab: Sleeping          ||     1
  Eat: Chunk             ||     1
Armor: Robe              ||    18
Dodge: Dodged            ||    61
Block: Shield            ||    11
